 Dungeon Crawl Stone Soup version 0.31-a0-174-g85c54bcb58 (webtiles) character file.

Game seed: 15882330274174308391

12818 qw the Cleaver (level 11, -2/71 HPs)
             Began as a Gargoyle Fighter on June 16, 2023.
             Was an Elder of Okawaru.
             Slain by a minotaur
             ... wielding a +2 morningstar of freezing
              (24 damage)
             ... in a Gauntlet.
             The game lasted 00:06:51 (11201 turns).

qw the Cleaver (Gargoyle Fighter)                  Turns: 11201, Time: 00:06:52

Health: -2/71      AC: 31    Str: 30    XL:     11   Next: 99%
Magic:  15/16      EV: 15    Int:  9    God:    Okawaru [****..]
Gold:   611        SH:  6    Dex:  9    Spells: 10/10 levels left

rFire   . . .        Y - +5 war axe
rCold   . . .        c - +0 buckler
rNeg    + . .        j - +0 plate armour
rPois   inf          k - +0 helmet
rElec   +            r - +1 cloak {rCorr}
rCorr   +            b - +2 pair of gloves
SInv    .            (no boots)
Will    .....        (no amulet) Stlth
                     f - +5 ring of evasion
HPRegen 0.31/turn    m - +6 ring of strength
MPRegen 0.15/turn

%: no teleportation
@: heroic
A: sickness immunity, AC +8, negative energy resistance 1, electricity
resistance, torment resistance 1, petrification resistance
a: Renounce Religion, Heroism, Finesse


You were in a Gauntlet.
You worshipped Okawaru.
Okawaru was greatly pleased with you.
You visited 3 branches of the dungeon, and saw 12 of its levels.
You also visited: Ossuary and Gauntlet.

You collected 611 gold pieces.


Innate Abilities, Weirdness & Mutations

You are immune to sickness and miasma.
Your stone body is resilient. (AC +8)
You are immune to poison.
You resist negative energy. (rN+)
You are resistant to electric shocks. (rElec)
You are resistant to unholy torment.
You are immune to petrification.


   Skills:
 - Level 9.0(14.0) Fighting
 - Level 12.0(17.0) Axes
 + Level 3.5(8.5) Throwing
 - Level 8.1(13.1) Armour
 - Level 2.1(7.1) Dodging
 - Level 6.3(11.3) Shields
 + Level 6.8 Invocations


You had 10 spell levels left.
You didn't know any spells.
Your spell library was empty.

Inventory:

Hand Weapons
 l - a +0 morningstar
 Y - a +5 war axe (weapon)
Missiles
 n - 2 javelins (quivered)
 t - 3 silver javelins
Armour
 b - a +2 pair of gloves (worn)
 c - a +0 buckler (worn)
 j - a +0 plate armour (worn)
 k - a +0 helmet (worn)
 r - a +1 cloak of preservation (worn)
Jewellery
 f - a +5 ring of evasion (left hand)
 m - a +6 ring of strength (right hand)
 q - a ring of protection from cold
Scrolls
 g - 9 scrolls of identify
 o - 4 scrolls of teleportation
Potions
 a - 4 potions of curing
 d - 2 potions of might
 e - 2 potions of magic
 h - a potion of heal wounds
 i - 6 potions of haste
 p - a potion of attraction

Dungeon Overview and Level Annotations

Branches:
Dungeon (10/15)            Temple (1/1) D:5            Lair (1/5) D:10
Ossuary (visited)         Gauntlet (1/1)
    Orc: D:9-12

Altars:
Ashenzari
Cheibriados
Dithmenos
Elyvilon
Fedhas
Gozag
Hepliaklqana
Kikubaaqudgha
Makhleb
Nemelex Xobeh
Okawaru
Qazlal
Ru
Sif Muna
Trog
Uskayaw
Vehumet
Wu Jian
Xom
Yredelemnul
Zin
The Shining One

Annotations:
D:9 3 runed translucent doors, qw's ghost, journeyman GrFi Gauntlet 8 transporters


Message History

You start resting.
A minotaur is nearby!
11191 ||| INVOKING Heroism.
You gain the combat prowess of a mighty hero.
You slice the minotaur!!
The minotaur is moderately wounded.
The minotaur unwields a +0 triple crossbow.
The minotaur wields a +2 morningstar of freezing.
It glows with a cold blue light!
The minotaur barely misses you.
The minotaur gores you but does no damage.
You hit the minotaur but do no damage.
The minotaur is moderately wounded.
You barely miss the minotaur.
The minotaur is moderately wounded.
You block the minotaur's attack. The minotaur barely misses you.
You barely miss the minotaur.
The minotaur is moderately wounded.
The minotaur misses you.
The minotaur gores you but does no damage.
You hit the minotaur.
The minotaur is moderately wounded.
You hit the minotaur.
The minotaur is moderately wounded.
You block the minotaur's attack.
The minotaur gores you but does no damage.
You hit the minotaur.
The minotaur is moderately wounded.
The minotaur closely misses you.
The minotaur gores you but does no damage.
You slash the minotaur!
The minotaur is heavily wounded.
You completely miss the minotaur.
The minotaur furiously retaliates!
The minotaur headbutts you, but does no damage.
The minotaur is heavily wounded.
The minotaur hits you with a +2 morningstar of freezing!
The minotaur freezes you. The minotaur gores you!
You slice the minotaur!!
The minotaur is severely wounded.
The minotaur hits you with a +2 morningstar of freezing!!
You die...

#[. #8. ####H. #### ###8.#8.
#.8### #....#.. #....# #.#..#8.
#..#.# #.#..##'##..#.#
#.......H@....# #.#.##.#.##.#.#
#.#....#....#.# #.#.#######.#.#
#.............# ##...^.^.^...##
##########..8.8.8..##############
~#~#~#~####.......####~#~#~#~#~#~
........#~#########~#............


You could see a minotaur.

Vanquished Creatures
  A hydra (D:10)
  A two-headed ogre (D:10)
  A boulder beetle (D:10)
  A thrashing horror (Gauntlet)
  A glowing orange brain (Gauntlet)
  Pikel (D:6)
  An ugly thing (Gauntlet)
  A cane toad (Lair:1)
  2 dream sheep (D:10)
  2 shadows
  A yak (shapeshifter) (D:10)
  2 wyverns
  10 yaks
  A basilisk (Lair:1)
  2 steam dragons
  3 water moccasins
  7 ice beasts
  4 orc warriors
  4 black bears
  2 centaurs
  2 phantoms
  10 kobold brigands
  5 elf zombies (Ossuary)
  6 bullfrogs
  6 scorpions
  10 wights
  3 small abominations (Gauntlet)
  3 electric eels (D:9)
  2 human zombies (Ossuary)
  5 centaur zombies (Ossuary)
  8 orc priests
  3 hounds
  3 jellies
  A gnoll bouda (D:8)
  A sleepcap (D:7)
  6 iguanas
  4 orc wizards (D:9)
  3 mummies (Ossuary)
  3 gnolls (D:8)
  4 adders
  2 shadow imps
  A white imp (D:6)
  3 worms
  A dart slug (D:3)
  44 orcs
  6 ball pythons
  7 endoplasms
  2 giant cockroaches (D:1)
  7 goblins
  6 hobgoblins
  59 kobolds
  3 quokkas
  7 bats
  3 frilled lizards
  4 rats
291 creatures vanquished.

Notes
Turn   | Place    | Note
-------+----------+-------------------------------------------
     0 | D:1      | qw the Gargoyle Fighter began the quest for the Orb.
     0 | D:1      | Reached XP level 1. HP: 14/14 MP: 1/1
     0 | D:1      | 0 ||| qw: Version: 0.2-a-29-g511e9b1
     0 | D:1      | 0 ||| qw: Game counter: 5641
     0 | D:1      | 0 ||| qw: Always use a shield: true
     0 | D:1      | 0 ||| qw: God list: Okawaru
     0 | D:1      | 0 ||| qw: Allow faded altars: false
     0 | D:1      | 0 ||| qw: Do Orc after D:15 true
     0 | D:1      | 0 ||| qw: Do second Lair branch before Depths: true
     0 | D:1      | 0 ||| qw: Lair rune preference: random
     0 | D:1      | 0 ||| qw: Plans: Normal, Zot:1-4, Slime:5, God:TSO, Crypt,
                  | Tomb, Abyss, Pan, Hells, Win
     0 | D:1      | 0 ||| PLANNING D:1-11
    25 | D:1      | Reached skill level 2 in Axes
    36 | D:1      | 36 ||| Stepping ~*~*~tactically~*~*~ (stealth).
    37 | D:1      | 37 ||| Stepping ~*~*~tactically~*~*~ (stealth).
    62 | D:1      | Reached XP level 2. HP: 16/19 MP: 2/2
   390 | D:1      | Reached skill level 3 in Axes
   588 | D:1      | Reached XP level 3. HP: 23/23 MP: 3/3
   878 | D:1      | 878 ||| UPGRADING to +5 ring of evasion.
   879 | D:1      | 879 ||| READING scroll labelled HUANAI EMYUNIP.
   880 | D:1      | 880 ||| READING scroll labelled BAW HOGGOJUSCH.
   884 | D:1      | 884 ||| READING scroll labelled CEUDOL UJAFE.
  1036 | D:2      | 1036 ||| READING 3 scrolls of enchant weapon.
  1036 | D:2      | 1036 ||| ENCHANTING +1 war axe.
  1037 | D:2      | 1037 ||| READING 2 scrolls of enchant weapon.
  1037 | D:2      | 1037 ||| ENCHANTING +2 war axe.
  1038 | D:2      | 1038 ||| READING scroll of enchant weapon.
  1038 | D:2      | 1038 ||| ENCHANTING +3 war axe.
  1321 | D:2      | 1321 ||| DROPPING +0 club.
  1691 | D:2      | 1691 ||| UPGRADING to +0 cloak.
  1696 | D:2      | 1696 ||| UPGRADING to +0 plate armour.
  1706 | D:2      | 1706 ||| DROPPING +0 scale mail.
  1707 | D:2      | 1707 ||| READING 2 scrolls labelled GEZUOMIO NEGRI.
  1708 | D:2      | 1708 ||| DRINKING 2 blue potions.
  1851 | D:3      | 1851 ||| Stepping ~*~*~tactically~*~*~ (stealth).
  1852 | D:3      | 1852 ||| Stepping ~*~*~tactically~*~*~ (stealth).
  1893 | D:3      | 1893 ||| Stepping ~*~*~tactically~*~*~ (hiding).
  1906 | D:3      | Reached XP level 4. HP: 27/28 MP: 4/4
  1933 | D:3      | 1933 ||| DROPPING +0 mace.
  1963 | D:3      | 1963 ||| Stepping ~*~*~tactically~*~*~ (stealth).
  1991 | D:3      | Reached skill level 4 in Axes
  2021 | D:3      | You fall into a shaft and drop 2 floors!
  2021 | D:5      | Entered Level 5 of the Dungeon
  2034 | D:5      | Noticed an ice beast
  2042 | D:5      | Reached XP level 5. HP: 32/32 MP: 5/5
  2049 | D:5      | Killed an ice beast
  2050 | D:5      | Reached skill level 5 in Axes
  2050 | D:5      | Reached XP level 6. HP: 37/37 MP: 6/6
  2057 | D:5      | Noticed a water moccasin
  2063 | D:5      | Killed a water moccasin
  2093 | D:5      | 2093 ||| Stepping ~*~*~tactically~*~*~ (stealth).
  2104 | D:5      | 2104 ||| Stepping ~*~*~tactically~*~*~ (hiding).
  2125 | D:5      | 2125 ||| Stepping ~*~*~tactically~*~*~ (hiding).
  2265 | D:5      | Found a staircase to the Ecumenical Temple.
  2266 | D:5      | 2266 ||| PLANNING TEMPLE
  2266 | D:5      | 2266 ||| READING scroll labelled XIPNOF LOSISH.
  2267 | D:5      | 2267 ||| READING scroll labelled TIROUS NOATOVU.
  2268 | D:5      | 2268 ||| READING 3 scrolls of identify.
  2268 | D:5      | 2268 ||| IDENTIFYING metallic coppery potion
  2269 | D:5      | 2269 ||| READING 2 scrolls of identify.
  2269 | D:5      | 2269 ||| IDENTIFYING pink potion
  2279 | D:5      | Reached skill level 6 in Axes
  2279 | D:5      | Reached XP level 7. HP: 44/44 MP: 7/7
  2284 | Temple   | Entered the Ecumenical Temple
  2342 | Temple   | 2342 ||| PLANNING OKAWARU WORSHIP
  2425 | Temple   | Became a worshipper of Warmaster Okawaru
  2426 | Temple   | 2426 ||| PLANNING D:1-11
  2498 | D:5      | Found a stormy altar of Qazlal.
  2501 | D:5      | Noticed a water elemental
  2503 | D:5      | Noticed a fire elemental
  2503 | D:5      | Noticed an air elemental
  2674 | D:4      | 2674 ||| UPGRADING to +0 helmet.
  3097 | D:3      | 3097 ||| UPGRADING to ring of protection from cold.
  3098 | D:3      | 3098 ||| READING scroll labelled KIXTEO PYWOUPN.
  3503 | D:4      | 3503 ||| Stepping ~*~*~tactically~*~*~ (hiding).
  3757 | D:4      | 3757 ||| DRINKING 2 fizzy red potions.
  3758 | D:4      | 3758 ||| READING 4 scrolls of identify.
  3758 | D:4      | 3758 ||| IDENTIFYING black potion
  3759 | D:4      | 3759 ||| READING 3 scrolls of identify.
  3759 | D:4      | 3759 ||| IDENTIFYING emerald potion
  3760 | D:4      | 3760 ||| DROPPING potion of brilliance.
  3761 | D:4      | 3761 ||| DROPPING potion of degeneration.
  3966 | D:5      | Reached skill level 7 in Axes
  4002 | D:5      | Reached XP level 8. HP: 49/49 MP: 8/8
  4035 | D:5      | Reached * piety under Okawaru
  4054 | D:5      | Reached skill level 1 in Invocations
  4313 | D:6      | 4313 ||| INVOKING Heroism.
  4341 | D:6      | 4341 ||| STAIRDANCE
  4406 | D:6      | Noticed Pikel
  4407 | D:6      | 4407 ||| Stepping ~*~*~tactically~*~*~ (stealth).
  4409 | D:6      | 4409 ||| Stepping ~*~*~tactically~*~*~ (stealth).
  4412 | D:6      | 4412 ||| INVOKING Heroism.
  4426 | D:6      | Killed Pikel
  4427 | D:6      | Reached skill level 8 in Axes
  4427 | D:6      | Reached XP level 9. HP: 51/54 MP: 8/12
  4433 | D:6      | 4433 ||| Stepping ~*~*~tactically~*~*~ (stealth).
  4434 | D:6      | 4434 ||| Stepping ~*~*~tactically~*~*~ (stealth).
  4502 | D:6      | 4502 ||| Stepping ~*~*~tactically~*~*~ (stealth).
  4516 | D:6      | Reached skill level 1 in Dodging
  4518 | D:6      | 4518 ||| INVOKING Heroism.
  4608 | D:6      | 4608 ||| Stepping ~*~*~tactically~*~*~ (hiding).
  4609 | D:6      | 4609 ||| Stepping ~*~*~tactically~*~*~ (hiding).
  4612 | D:6      | 4612 ||| INVOKING Heroism.
  4616 | D:6      | 4616 ||| Stepping ~*~*~tactically~*~*~ (hiding).
  4617 | D:6      | 4617 ||| Stepping ~*~*~tactically~*~*~ (stealth).
  4623 | D:6      | 4623 ||| Stepping ~*~*~tactically~*~*~ (stealth).
  4625 | D:6      | 4625 ||| Stepping ~*~*~tactically~*~*~ (stealth).
  4642 | D:6      | 4642 ||| Stepping ~*~*~tactically~*~*~ (hiding).
  4643 | D:6      | 4643 ||| Stepping ~*~*~tactically~*~*~ (hiding).
  4644 | D:6      | 4644 ||| Stepping ~*~*~tactically~*~*~ (hiding).
  4646 | D:6      | 4646 ||| INVOKING Heroism.
  4654 | D:6      | Reached skill level 6 in Fighting
  4689 | D:6      | 4689 ||| DROPPING +0 flail.
  4820 | D:6      | 4820 ||| Stepping ~*~*~tactically~*~*~ (hiding).
  4822 | D:6      | 4822 ||| Stepping ~*~*~tactically~*~*~ (hiding).
  4823 | D:6      | 4823 ||| Stepping ~*~*~tactically~*~*~ (hiding).
  4824 | D:6      | 4824 ||| Stepping ~*~*~tactically~*~*~ (hiding).
  4853 | D:6      | 4853 ||| Stepping ~*~*~tactically~*~*~ (stealth).
  4869 | D:6      | 4869 ||| Stepping ~*~*~tactically~*~*~ (stealth).
  4871 | D:6      | 4871 ||| INVOKING Heroism.
  4959 | D:6      | Found a glowing silver altar of Zin.
  5036 | D:6      | Found an ornate altar of the Wu Jian Council.
  5088 | D:6      | 5088 ||| DROPPING ring of magical power.
  5089 | D:6      | 5089 ||| READING scroll labelled LOFOYJ SAEGOLE.
  5090 | D:6      | 5090 ||| READING scroll labelled CAAMASAWYZ.
  5091 | D:6      | 5091 ||| READING scroll labelled VEYCKE GAFE.
  5120 | D:7      | 5120 ||| PLANNING OSSUARY
  5182 | D:7      | Reached skill level 9 in Axes
  5543 | D:7      | Found a sand-covered staircase.
  5544 | D:7      | 5544 ||| UPGRADING to +0 pair of gloves.
  5556 | Ossuary  | Entered an ossuary
  5579 | Ossuary  | Reached skill level 6 in Armour
  5640 | Ossuary  | Reached ** piety under Okawaru
  5688 | Ossuary  | 5688 ||| READING scroll of enchant armour.
  5688 | Ossuary  | 5688 ||| ENCHANTING +0 pair of gloves.
  5709 | Ossuary  | 5709 ||| Stepping ~*~*~tactically~*~*~ (stealth).
  5710 | Ossuary  | 5710 ||| Stepping ~*~*~tactically~*~*~ (stealth).
  5752 | Ossuary  | 5752 ||| READING scroll labelled HAFOIL VIOTS.
  5753 | Ossuary  | 5753 ||| READING 7 scrolls of identify.
  5753 | Ossuary  | 5753 ||| IDENTIFYING bubbling silvery potion
  5754 | Ossuary  | 5754 ||| DROPPING potion of enlightenment.
  5764 | D:7      | 5764 ||| PLANNING D:1-11
  5780 | D:7      | Found a sparkling altar of Nemelex Xobeh.
  5816 | D:7      | 5816 ||| INVOKING Heroism.
  5820 | D:7      | Reached XP level 10. HP: 38/63 MP: 10/13
  5820 | D:7      | 5820 ||| Stepping ~*~*~tactically~*~*~ (cloud).
  6068 | D:7      | 6068 ||| Stepping ~*~*~tactically~*~*~ (stealth).
  6070 | D:7      | 6070 ||| Stepping ~*~*~tactically~*~*~ (stealth).
  6115 | D:7      | 6115 ||| INVOKING Heroism.
  6119 | D:7      | Reached skill level 10 in Axes
  6740 | D:8      | 6740 ||| Stepping ~*~*~tactically~*~*~ (hiding).
  6765 | D:8      | 6765 ||| Stepping ~*~*~tactically~*~*~ (stealth).
  6766 | D:8      | 6766 ||| Stepping ~*~*~tactically~*~*~ (stealth).
  6768 | D:8      | 6768 ||| INVOKING Heroism.
  6827 | D:8      | 6827 ||| INVOKING Heroism.
  6998 | D:8      | Found a shimmering blue altar of Sif Muna.
  7132 | D:8      | Found a broken altar of Ashenzari.
  7141 | D:8      | 7141 ||| Stepping ~*~*~tactically~*~*~ (hiding).
  7302 | D:8      | 7302 ||| Stepping ~*~*~tactically~*~*~ (stealth).
  7304 | D:8      | 7304 ||| Stepping ~*~*~tactically~*~*~ (hiding).
  7386 | D:8      | 7386 ||| INVOKING Heroism.
  7474 | D:8      | 7474 ||| Stepping ~*~*~tactically~*~*~ (hiding).
  7584 | D:8      | Found a glowing golden altar of the Shining One.
  7584 | D:8      | Found a burning altar of Makhleb.
  7682 | D:8      | Found a white marble altar of Elyvilon.
  7684 | D:8      | Found an opulent altar of Gozag.
  7685 | D:8      | 7685 ||| UPGRADING to +6 ring of strength.
  7687 | D:8      | 7687 ||| DROPPING +6 ring of dexterity.
  7688 | D:8      | 7688 ||| READING scroll labelled RIZISE XIYR.
  7767 | D:9      | 7767 ||| INVOKING Heroism.
  7806 | D:9      | 7806 ||| INVOKING Heroism.
  8043 | D:9      | 8043 ||| Stepping ~*~*~tactically~*~*~ (hiding).
  8048 | D:9      | 8048 ||| INVOKING Heroism.
  8072 | D:9      | Found a runed translucent gate.
  8074 | D:9      | Found a runed translucent gate.
  8075 | D:9      | Found a runed translucent gate.
  8077 | D:9      | Noticed qw's ghost (journeyman GrFi)
  8081 | D:9      | Noticed a kobold demonologist
  8092 | D:9      | 8092 ||| Stepping ~*~*~tactically~*~*~ (water).
  8097 | D:9      | Reached skill level 1 in Throwing
  8118 | D:9      | 8118 ||| READING scroll of enchant weapon.
  8118 | D:9      | 8118 ||| ENCHANTING +4 war axe.
  8138 | D:9      | 8138 ||| Stepping ~*~*~tactically~*~*~ (hiding).
  8141 | D:9      | 8141 ||| Stepping ~*~*~tactically~*~*~ (hiding).
  8358 | D:9      | 8358 ||| READING 8 scrolls of identify.
  8358 | D:9      | 8358 ||| IDENTIFYING coppery potion
  8359 | D:9      | 8359 ||| DROPPING potion of ambrosia.
  8362 | D:9      | 8362 ||| Stepping ~*~*~tactically~*~*~ (stealth).
  8368 | D:9      | 8368 ||| INVOKING Heroism.
  8372 | D:9      | Reached *** piety under Okawaru
  8376 | D:9      | Reached skill level 11 in Axes
  8483 | D:9      | Reached XP level 11. HP: 68/68 MP: 14/14
  8495 | D:9      | 8495 ||| Stepping ~*~*~tactically~*~*~ (hiding).
  8496 | D:9      | 8496 ||| Stepping ~*~*~tactically~*~*~ (hiding).
  8497 | D:9      | 8497 ||| Stepping ~*~*~tactically~*~*~ (hiding).
  8498 | D:9      | 8498 ||| Stepping ~*~*~tactically~*~*~ (hiding).
  8499 | D:9      | 8499 ||| Stepping ~*~*~tactically~*~*~ (hiding).
  8619 | D:9      | 8619 ||| INVOKING Heroism.
  8910 | D:9      | 8910 ||| Stepping ~*~*~tactically~*~*~ (water).
  9747 | D:10     | Entered Level 10 of the Dungeon
  9759 | D:10     | Received a gift from Okawaru
  9767 | D:10     | Reached skill level 9 in Fighting
  9862 | D:10     | Noticed a boulder beetle
  9863 | D:10     | 9863 ||| INVOKING Heroism.
  9892 | D:10     | 9892 ||| INVOKING Heroism.
  9894 | D:10     | Killed a boulder beetle
  9966 | D:10     | 9966 ||| READING scroll of enchant armour.
  9966 | D:10     | 9966 ||| ENCHANTING +1 pair of gloves.
 10058 | D:10     | Noticed a two-headed ogre
 10059 | D:10     | 10059 ||| INVOKING Heroism.
 10064 | D:10     | Killed a two-headed ogre
 10065 | D:10     | Reached skill level 3 in Throwing
 10192 | D:10     | 10192 ||| INVOKING Heroism.
 10207 | D:10     | Found a staircase to the Lair.
 10513 | D:10     | Reached **** piety under Okawaru
 10552 | D:10     | Noticed a two-headed hydra
 10553 | D:10     | 10553 ||| INVOKING Heroism.
 10554 | D:10     | 10554 ||| SWAPPING to +0 morningstar.
 10562 | D:10     | Killed a two-headed hydra
 10576 | D:10     | 10576 ||| UPGRADING to +5 war axe.
 10579 | D:10     | 10579 ||| PLANNING LAIR
 10656 | Lair:1   | Entered Level 1 of the Lair of Beasts
 10657 | Lair:1   | 10657 ||| PLANNING GAUNTLET
 10659 | Lair:1   | Found a gate leading to a gauntlet.
 10660 | Lair:1   | 10660 ||| INVOKING Heroism.
 10667 | Lair:1   | Reached skill level 12 in Axes
 10741 | Gauntlet | Entered a Gauntlet
 10741 | Gauntlet | Noticed an eight-headed hydra
 10741 | Gauntlet | Found a transporter.
 10744 | Gauntlet | Found a transporter.
 10751 | Gauntlet | Found a transporter.
 10752 | Gauntlet | Noticed a death yak
 10753 | Gauntlet | Noticed a death yak
 10755 | Gauntlet | Found a transporter.
 10755 | Gauntlet | Noticed a death yak
 10757 | Gauntlet | Noticed a death yak
 10763 | Gauntlet | Found a transporter.
 10763 | Gauntlet | Found a transporter.
 10764 | Gauntlet | Noticed an orange crystal statue
 10765 | Gauntlet | Found a transporter.
 10765 | Gauntlet | Found a transporter.
 10786 | Gauntlet | Found a transporter.
 10786 | Gauntlet | Noticed a thrashing horror
 10807 | Gauntlet | Found a transporter.
 10807 | Gauntlet | Found a transporter.
 10809 | Gauntlet | Noticed a glowing orange brain
 10810 | Gauntlet | Noticed a purple ugly thing
 10816 | Gauntlet | Found a transporter.
 10959 | Gauntlet | Killed a glowing orange brain
 10969 | Gauntlet | Killed a purple ugly thing
 10970 | Gauntlet | Reached skill level 6 in Invocations
 11029 | Gauntlet | 11029 ||| UPGRADING to +1 cloak of preservation.
 11039 | Gauntlet | 11039 ||| DROPPING +0 cloak.
 11053 | Gauntlet | Killed a thrashing horror
 11053 | Gauntlet | Received a gift from Okawaru
 11054 | Gauntlet | Reached skill level 6 in Shields
 11153 | Gauntlet | 11153 ||| DROPPING +2 pair of gloves of hurling.
 11186 | Gauntlet | Identified the ring "Tuisu" {Will+ Str+2 Int-3 SInv Stlth+}
 11186 | Gauntlet | Noticed a minotaur
 11187 | Gauntlet | 11187 ||| Stepping ~*~*~tactically~*~*~ (hiding).
 11191 | Gauntlet | 11191 ||| INVOKING Heroism.
 11201 | Gauntlet | Slain by a minotaur

Levels and vault maps discovered:
D:1:      minmay_arrival_radiant_lines, layout_basic
D:2:      layout_loops_ring, serial_aquarium, aquarium_bridge_straight
          [aquarium_subvault_bridge, aquarium_subvault_wall,
          aquarium_subvault_bridge, aquarium_subvault_window],
          aquarium_window_1, aquarium_window_1, aquarium_window_1,
          aquarium_view_2e, aquarium_balcony_double_2, aquarium_pool_2,
          minivault_26, minmay_unequal
D:3:      layout_loops_ring, minmay_statues_item
D:4:      layout_basic
D:5:      layout_basic, nicolae_qazlal_style_of_elements,
          minmay_temple_entry_large_hall, minmay_starry_boxes
D:6:      layout_cave_pools, pdpol_wu_jian_five_deadly_venoms, zin_treasury,
          uniq_pikel
D:7:      kennysheep_kobold_camp, layout_layer_cave,
          nemelex_xobeh_ov_fountains_minmay, enter_ossuary_1
D:8:      layout_loops_ring, nicolae_ashenzari_panopticon,
          nicolae_overflow_hidden_temple
D:9:      minmay_twisted_water, layout_basic, gammafunk_ghost_nasty_kobolds,
          serial_co_window_serial, co_window_paths_a,
          co_window_of_opportunity_a, co_window_corner_a, co_window_paths_b,
          co_window_corner_a, co_window_broadway_a, co_window_2corner,
          co_window_paths_e, glass_columns_a, glass_columns_a, glass_columns_b
D:10:     layout_loops_ring, david_lair_generic, minivault_20, hangedman_ranch
Temple:   hellmonk_temple_flake
Lair:1:   layout_big_grid, gauntlet_entry_generic
Gauntlet: minmay_gauntlet_mixed_oops_all_seconds
          [minmay_gauntlet_arena_77_two_lines,
          gammafunk_gauntlet_arena_split_diamond,
          minmay_gauntlet_arena_77_checkered, gammafunk_gauntlet_arena_hedges,
          minmay_gauntlet_arena_77_two_paths, gammafunk_gauntlet_arena_crates,
          nicolae_gauntlet_exit_dead_adventurers]

Skill      XL: |  1  2  3  4  5  6  7  8  9 10 11 |
---------------+----------------------------------+-----
Axes           | 2 3 4 5 6 7 8 9 11 12 | 12.0
Fighting       | 4 5 7 8 9 |  9.0
Armour         | 4 6 7 8 |  8.1
Invocations    | 4 6 |  6.8
Dodging        | 1 2 |  2.1
Shields        | 4 5 6 |  6.3
Throwing       | 2 3 |  3.5

Action                     |  1- 3 |  4- 6 |  7- 9 | 10-12 || total
---------------------------+-------+-------+-------+-------++-------
  Melee: War axe           |    90 |    48 |   299 |   389 ||   826
         Morningstar       |       |       |       |    10 ||    10
  Throw: Boomerang         |       |       |    21 |    18 ||    39
         Javelin           |       |       |       |     8 ||     8
 Invoke: Heroism           |       |       |     7 |    16 ||    23
    Use: Scroll            |     7 |     4 |     9 |     4 ||    24
         Potion            |     1 |       |     1 |       ||     2
 Armour: Scale mail        |    22 |       |       |       ||    22
         Plate armour      |     8 |    17 |   135 |   195 ||   355
  Dodge: Dodged            |    45 |    19 |   139 |   187 ||   390
  Block: Buckler           |    15 |     5 |    48 |    68 ||   136

Table legend:
 A = Non-vault XP
 B = Vault XP
 C = Vault XP percentage of total XP
 D = Non-vault monster count
 E = Vault monster count
 F = Vault count percentage of total count
                 A         B        C        D         E       F
            +---------+---------+-------+---------+---------+-------
      Total |    9915 |    8397 |  45.9 |     227 |      64 |  22.0
            +---------+---------+-------+---------+---------+-------
        D:1 |      46 |       0 |   0.0 |      27 |       0 |   0.0
        D:2 |      17 |       0 |   0.0 |      10 |       0 |   0.0
        D:3 |      51 |       0 |   0.0 |      19 |       0 |   0.0
        D:4 |      75 |       0 |   0.0 |      13 |       0 |   0.0
        D:5 |     989 |     217 |  18.0 |      16 |       4 |  20.0
        D:6 |    1158 |     617 |  34.8 |      20 |       1 |   4.8
        D:7 |     973 |     128 |  11.6 |      21 |      21 |  50.0
        D:8 |    1240 |       0 |   0.0 |      47 |       0 |   0.0
        D:9 |    2701 |     653 |  19.5 |      45 |       5 |  10.0
       D:10 |    2041 |    3353 |  62.2 |       7 |      12 |  63.2
     Lair:1 |     624 |       0 |   0.0 |       2 |       0 |   0.0
    Ossuary |       0 |     845 | 100.0 |       0 |      15 | 100.0
   Gauntlet |       0 |    2584 | 100.0 |       0 |       6 | 100.0
            +---------+---------+-------+---------+---------+-------
